 Dungeon Crawl Stone Soup version 0.29.1-2-gbd0b4ee654 (webtiles) character file.

Game seed: 4644248905783308998

57 zeram the Cudgeller (level 3, -2/52 (54) HPs)
             Began as a Troll Fighter on Nov 4, 2022.
             Slain by Grinder (9 damage)
             ... on level 3 of the Dungeon.
             The game lasted 00:03:10 (1520 turns).

zeram the Cudgeller (Troll Fighter)                 Turns: 1520, Time: 00:03:10

HP:   -2/52 (54)    AC:  4    Str: 24    XL:     3   Next: 73%
MP:   3/3           EV:  8    Int:  6    God:
Gold: 149           SH:  7    Dex:  9    Spells: 4/4 levels left

rFire   . . .      SeeInvis .   p - +2 flail (protect)
rCold   . . .      Faith    .   c - +0 kite shield
rNeg    . . .      Spirit   .   b - +0 robe
rPois   .          Reflect  .   (helmet restricted)
rElec   .          Harm     .   (no cloak)
rCorr   .          Rampage  .   (gloves unavailable)
Will    .....                   (boots unavailable)
Stlth   ..........              (no amulet)
HPRegen 0.97/turn               (no ring)
MPRegen 0.08/turn               (no ring)

@: mighty, berserking, lightly drained, very quick
A: large, unfitting armour, claws 3, regeneration 1, shaggy fur 1, tough skin 1
a: no special abilities


You were on level 3 of the Dungeon.
You visited 1 branch of the dungeon, and saw 3 of its levels.

You collected 149 gold pieces.

Inventory:

Hand Weapons
 a - a +0 flail
 o - a +2 whip of draining
 p - a +2 flail of protection (weapon)
Armour
 b - a +0 robe (worn)
 c - a +0 kite shield (worn)
Jewellery
 f - a ring of flight
 m - a ring of ice
Scrolls
 e - a scroll of teleportation
 g - a scroll of fog
 h - a scroll of amnesia
 n - a scroll of fear
Potions
 i - a potion of flight
 j - a potion of mutation
 k - 2 potions of degeneration


   Skills:
 - Level 2.4 Fighting
 * Level 2.9 Maces & Flails
 + Level 2.7 Dodging
 - Level 2.6 Shields
 * Level 1.0 Spellcasting


You had 4 spell levels left.
You didn't know any spells.
Your spell library was empty.

Dungeon Overview and Level Annotations

Branches:
Dungeon (3/15)

Altars:
Qazlal

Annotations:
D:3 Grinder


Innate Abilities, Weirdness & Mutations

You are too large for most types of armour.
You have claws for hands.
Your natural rate of healing is unusually fast.
You are covered in fur. (AC +1)
You have tough skin. (AC +1)


Message History

p - a +2 flail of protection Your +2 flail of protection hums with potential!
p - a +2 flail of protection (weapon)
You open the door.
Grinder comes into view.
She is carrying a wand of roots (13).
Grinder is nearby!
Grinder is nearby!
Grinder is nearby!
Grinder gestures at you.
You suddenly lose the ability to move!
Grinder says, "Mostly I couldn't keep them alive."
Grinder zaps a wand.
The roots erupt in riotous growth!
The grasping roots grab you! The grasping roots constrict you.
You hear a shout! x4
The grasping roots constrict you!
You can move again.
The grasping roots release their grip on you.
There is an open door here.
You feel very mighty all of a sudden.
Grinder zaps a wand.
The roots erupt in riotous growth!
The grasping roots grab you! The grasping roots constrict you!
Unknown command.
The roots grasp on you weakens, but your attempt to escape fails.
Grinder gestures at you. Pain shoots through your body!
* * * LOW HITPOINT WARNING * * *
The grasping roots constrict you.
* * * LOW HITPOINT WARNING * * *
You escape the roots grasp.
Grinder gestures at you. Pain shoots through your body!
* * * LOW HITPOINT WARNING * * *
A red film seems to cover your vision as you go berserk!
You feel yourself moving faster!
You feel mighty!
An orc comes into view. It is wielding a +0 mace.
A kobold comes into view. It is wielding a +0 club.
Grinder hits you!
You die...

..o... K######..... .
#........#.####..
#........#....... .#.#.
#.......##..... ......
#.......'.... .....
#.......##.####.......#
#.....5@'...........#.#.
#.......##.########.#.#.
##......##..............
+............(....†....
#......#........#..#.##
#......#........#......
#......#........#..#.##
#......#...##+###..####
. #...##.# #..####


You could see Grinder, an orc and a kobold.

Vanquished Creatures
  An adder (D:2)
  4 orcs (D:3)
  5 ball pythons
  4 endoplasms (D:1)
  4 giant cockroaches
  5 goblins
  3 hobgoblins (D:1)
  4 kobolds
  5 bats
  3 frilled lizards
  4 rats
42 creatures vanquished.

Notes
Turn   | Place    | Note
-------+----------+-------------------------------------------
     0 | D:1      | zeram the Troll Fighter began the quest for the Orb.
     0 | D:1      | Reached XP level 1. HP: 22/22 MP: 0/0
   240 | D:1      | Reached XP level 2. HP: 29/29 MP: 1/1
   604 | D:1      | Found a faded altar of an unknown god.
  1014 | D:2      | Reached XP level 3. HP: 29/36 MP: 3/3
  1368 | D:3      | Found a stormy altar of Qazlal.
  1444 | D:3      | Reached skill level 1 in Spellcasting
  1511 | D:3      | Noticed Grinder
  1512 | D:3      | Paralysed by Grinder for 5 turns
  1520 | D:3      | Slain by Grinder

Illustrated notes

Levels and vault maps discovered:
D:1:      saegor_arrival_fortress, layout_loops_ring,
          shapermc_ecumenical_altar_hornbeckon, st_stairs_2
D:2:      layout_loops_ring, nicolae_titane
D:3:      layout_basic, vehumet_altar_wand_db,
          mainiacjoe_overflow_six_doors_small, nicolae_qazlal_scattered_showers,
          uniq_grinder

Skill      XL: |  1  2  3 |
---------------+----------+-----
Maces & Flails | 2 |  2.9
Spellcasting   | 1 |  1.0
Fighting       | |  2.4
Dodging        | |  2.7
Shields        | |  2.6

Action                   || total
-------------------------++-------
Melee: Flail             ||   100
       Whip              ||    12
  Use: Scroll            ||     8
       Potion            ||     2
Armor: Robe              ||    33
Dodge: Dodged            ||    33
Block: Kite shield       ||    40
